 Seeded DCSS version 0.26.1-16-g4e020e15dc (webtiles) character file.

Game seed: 20230098 (custom seed)

90 Mickster the Chopper (level 4, -2/36 HPs)
             Began as a Demigod Gladiator on Feb 22, 2023.
             Slain by a phantom (7 damage)
             ... on level 4 of the Dungeon.
             The game lasted 00:17:35 (1358 turns).

Mickster the Chopper (Demigod Gladiator)            Turns: 1358, Time: 00:17:36

Health: -2/36      AC:  9    Str: 19    XL:     4   Next: 11%
Magic:  6/6        EV:  9    Int: 10    God:
Gold:   95         SH:  0    Dex: 23    Spells: 3/3 levels left

rFire    . . .     SeeInvis .   f - +2 short sword (venom)
rCold    . . .     Faith    .   (no shield)
rNeg     . . .     Spirit   .   n - +0 chain mail
rPois    .         Reflect  .   (helmet restricted)
rElec    .         Harm     .   (no cloak)
rCorr    .         Rampage  .   l - +0 pair of gloves
Will     .....                  (no boots)
Stlth    ..........             o - amulet of inaccuracy (curse)
HPRegen  0.12/turn              (no ring)
MPRegen  0.10/turn              h - +6 ring of dexterity

@: no status effects
A: horns 1, dopey 1, high mp 1
a: no special abilities


You were on level 4 of the Dungeon.
You visited 1 branch of the dungeon, and saw 4 of its levels.

You collected 95 gold pieces.

Inventory:

Hand Weapons
 a - a +0 war axe
 f - a +2 short sword of venom (weapon)
 k - a +0 hunting sling
Missiles
 d - 3 throwing nets (quivered)
 e - 48 bolts
 i - 3 stones
 m - 43 sling bullets
Armour
 b - a +0 leather armour
 c - a +0 helmet
 l - a +0 pair of gloves (worn)
 n - a +0 chain mail (worn)
Jewellery
 h - a +6 ring of dexterity (right hand)
 o - a cursed amulet of inaccuracy (around neck)
Scrolls
 g - 3 scrolls of teleportation
 j - 2 scrolls of magic mapping


   Skills:
 + Level 2.0 Fighting
 + Level 1.7 Short Blades
 + Level 3.1 Axes
 + Level 1.8 Throwing
 + Level 1.5 Armour
 + Level 3.1 Dodging
 + Level 0.4 Stealth


You had 3 spell levels left.
You didn't know any spells.
Your spell library was empty.

Dungeon Overview and Level Annotations

Branches:
Dungeon (4/15)             Temple (0/1) D:4


Innate Abilities, Weirdness & Mutations

You have an increased reservoir of magic. (+10% MP)
You have a pair of small horns on your head.
You are dopey. (Int -2)


Message History

The phantom hits you but does no damage.
You barely miss the phantom. You headbutt the phantom.
The phantom is moderately damaged.
The phantom hits you.
* * * LOW HITPOINT WARNING * * *
The phantom blinks!
The phantom blinks!
As you read the scroll labelled JUWI OHIWN, it crumbles to dust.
You feel aware of your surroundings.
You sensed 1 shop/portal.
It was a scroll of magic mapping.
You barely miss the phantom. You headbutt the phantom.
The phantom is heavily damaged.
The phantom hits you.
* * * LOW HITPOINT WARNING * * *
The phantom completely misses you.
You miss the phantom.
You headbutt the phantom, but do no damage.
The phantom is heavily damaged.
The phantom hits you!
You die...

***,,****,***,*,,,*,**,***<,*,,,,
*,,****,* *,*...*,**,*,,,,,,,**
*,,,,,,,* *,*...*,**,,,,,,,*,**
**,****** *,*...*,****,,,,,*,**
****,* *,*#.#*,* *,,,,,*,**
,,,,,* *,,...,,* *,,,,,,,**
****** ***#.#*** ***,****** * #W#
*,,,,,,, *
########@########******** *
#....<..........#** *
#.########........#*** *,*
#####.....,,* *,* *,.#.#*,* ***,*
*******,,#,#*,* *,>,*
*,,,,,,,,,,**,*
*,********,*****,*,***,**** *,*
*,,,,,,,* *,,,,,,,,,,*


You could see a phantom.

Vanquished Creatures
  A bullfrog skeleton (D:4)
  3 adders (D:2)
  A worm (D:2)
  A dart slug (D:1)
  A leopard gecko (D:3)
  2 bats
  A giant cockroach (D:1)
  6 goblins
  3 hobgoblins
  5 kobolds
  2 frilled lizards (D:3)
  4 rats
30 creatures vanquished.

Vanquished Creatures (others)
  A plant (D:2)
1 creature vanquished.

Grand Total: 31 creatures vanquished

Notes
Turn   | Place    | Note
-------+----------+-------------------------------------------
     0 | D:1      | Mickster the Demigod Gladiator began the quest for the Orb.
     0 | D:1      | Reached XP level 1. HP: 17/17 MP: 3/3
   396 | D:1      | Reached XP level 2. HP: 24/24 MP: 4/4
   487 | D:2      | Reached skill level 1 in Armour
   647 | D:2      | Reached skill level 1 in Short Blades
   647 | D:2      | Reached XP level 3. HP: 29/29 MP: 5/5
  1051 | D:3      | Gained mutation: You are dopey. (Int -2) [potion of
                  | mutation]
  1051 | D:3      | Gained mutation: You have a pair of small horns on your
                  | head. [potion of mutation]
  1207 | D:3      | Found a basalt altar of Yredelemnul.
  1331 | D:4      | Noticed a phantom
  1342 | D:4      | Reached XP level 4. HP: 20/36 MP: 6/6
  1358 | D:4      | Slain by a phantom

Illustrated notes

Levels and vault maps discovered:
D:1:      heliophobic_arrival_ceremonial_halls, layout_basic
D:2:      layout_loops_ring, serial_rivers, chequers_serial_rivers_micro_e,
          chequers_serial_rivers_small_a, chequers_serial_rivers_room_b,
          chequers_serial_rivers_large_b, kennysheep_cross_room,
          serial_bayou_pond_d, st_stairs_14, kennysheep_generic_room_6,
          uniq_jessica
D:3:      layout_loops_ring, yredelemnul_altar_generic
D:4:      layout_loops_cross, minmay_temple_entry_nine_rooms, serial_shops,
          shop, sigmund_edmund_badplayer

Skill      XL: |  1  2  3 |
---------------+----------+-----
Dodging        | 3 |  3.1
Axes           | 3 |  3.1
Armour         | 1 |  1.5
Short Blades   | 1 |  1.7
Fighting       | 2 |  2.0
Throwing       | |  1.8
Stealth        | |  0.4

Action                   |  1- 3 |  4- 6 || total
-------------------------+-------+-------++-------
Melee: Short sword       |    87 |     9 ||    96
       War axe           |     6 |       ||     6
       Headbutt          |    10 |     4 ||    14
  Use: Scroll            |     5 |     1 ||     6
       Potion            |     5 |       ||     5
Armor: Leather armour    |    14 |       ||    14
       Chain mail        |    11 |     3 ||    14
Dodge: Dodged            |    63 |     2 ||    65
